 Dungeon Crawl Stone Soup version 0.29-a0-559-g359e09b9d1 (webtiles) character file.

Game seed: 11622554437551430231

7147 Heedrag the Destroyer (level 10, -7/71 HPs)
             Began as a Demonspawn Conjurer on June 9, 2022.
             Was a Priest of Vehumet.
             Mangled by a red devil
             ... wielding a +0 trident
             ... summoned by a kobold demonologist
              (18 damage)
             ... on level 10 of the Dungeon.
             The game lasted 00:25:55 (12177 turns).

Heedrag the Destroyer (Demonspawn Conjurer)        Turns: 12177, Time: 00:25:56

Health: -7/71      AC:  5    Str:  8    XL:     10   Next: 86%
Magic:  19/19      EV: 16    Int: 24    God:    Vehumet [***...]
Gold:   348        SH:  4    Dex: 11    Spells: 10/21 levels left

rFire   . . .      SeeInvis .   t - +2 whip (venom)
rCold   . . .      Faith    .   j - +0 buckler
rNeg    . . .      Spirit   .   a - +0 robe
rPois   .          Reflect  .   (helmet restricted)
rElec   .          Harm     .   d - +0 cloak
rCorr   .          Rampage  .   (no gloves)
Will    .....                   (no boots)
Stlth   +++.......              (no amulet)
HPRegen 0.21/turn               K - +4 ring of evasion
MPRegen 0.16/turn               (no ring)

@: lethally poisoned (-7 -> -27), spiked, slowed, very slow
A: horns 1, icy blue scales 1, powered by pain 2, spiny 2
a: Renounce Religion


You were on level 10 of the Dungeon.
You worshipped Vehumet.
Vehumet was most pleased with you.
You visited 2 branches of the dungeon, and saw 10 of its levels.

You collected 394 gold pieces.
You spent 46 gold pieces at shops.

Inventory:

Hand Weapons
 g - a +0 short sword of venom
   (You took it off a kobold on level 1 of the Dungeon)
 t - a +2 whip of venom (weapon)
   (You took it off a kobold on level 4 of the Dungeon)
Missiles
 m - 34 poisoned darts
 P - a throwing net {!f}
Armour
 a - a +0 robe (worn)
 d - a +0 cloak (worn)
   (You found it on level 1 of the Dungeon)
 j - a +0 buckler (worn)
   (You found it on level 1 of the Dungeon)
 k - a +2 helmet
   (You found it on level 2 of the Dungeon)
 E - +0 acid dragon scales
   (You took it off Maggie on level 6 of the Dungeon)
Magical Staves
 L - a staff of fire
   (You found it on level 7 of the Dungeon)
Jewellery
 i - a ring of protection from fire
   (You took it off an orc on level 4 of the Dungeon)
 o - a ring of protection from cold
   (You found it on level 7 of the Dungeon)
 w - a ring of ice
   (You found it on level 5 of the Dungeon)
 J - an amulet of guardian spirit
   (You took it off a wight on level 7 of the Dungeon)
 K - a +4 ring of evasion (left hand)
   (You found it on level 4 of the Dungeon)
Wands
 R - a wand of polymorph (6)
   (You found it on level 10 of the Dungeon)
Scrolls
 e - 8 scrolls of identify {unknown}
 h - 3 scrolls of brand weapon {unknown}
 l - 2 scrolls of fog {unknown}
 n - 5 scrolls of enchant weapon {unknown}
 s - 3 scrolls of poison {unknown}
 u - a scroll of torment {unknown}
 v - a scroll of teleportation {unknown}
 y - 3 scrolls of silence {unknown}
 A - a scroll of magic mapping {unknown}
 C - 4 scrolls of vulnerability {unknown}
 F - 2 scrolls of enchant armour {unknown}
 I - a scroll of summoning {unknown}
 M - a scroll of immolation {unknown}
 N - a scroll of noise {unknown}
 O - a scroll of blinking {unknown}
Potions
 c - 4 potions of attraction {unknown}
 f - a potion of heal wounds {@q2}
 p - 2 potions of mutation {unknown}
 q - 2 potions of berserk rage {unknown}
 r - 4 potions of curing {unknown}
 x - 5 potions of brilliance {unknown}
 z - 2 potions of lignification {unknown}
 B - a potion of flight {unknown}
 D - 2 potions of might {unknown}
 G - 2 potions of degeneration {unknown}
 H - a potion of ambrosia {unknown}
 Q - a potion of haste {unknown}


   Skills:
 + Level 3.7 Fighting
 - Level 4.0 Dodging
 + Level 6.6 Stealth
 - Level 4.0 Shields
 + Level 6.2 Spellcasting
 * Level 10.2 Conjurations
 - Level 5.0 Hexes
 - Level 5.0 Translocations


You had 10 spell levels left.
You knew the following spells:

 Your Spells              Type           Power      Damage    Failure   Level
a - Magic Dart            Conj           100%       1d8       1%          1
s - Searing Ray           Conj           100%       2d8       1%          2
x - Iskenderun's Mystic   Conj/Tloc      44%        2d10      1%          4
z - Fulminant Prism       Conj/Hex       22%        3d13      1%          4

Your spell library contained the following spells:

 Spells                   Type           Power      Damage    Failure   Level
 Mephitic Cloud           Conj/Pois/Air  23%        N/A       2%          3
 Dazzling Flash           Conj/Hex       88%        N/A       1%          3
 Freeze                   Ice            28%        1d5       2%          1
 Hailstorm                Conj/Ice       32%        3d8       3%          4
 Frozen Ramparts          Ice            14%        1d3       9%          3
 Irradiate                Conj/Tmut      16%        3d18      9%          5
 Necrotize                Necr           28%        1d5       10%         1
 Vampiric Draining        Necr           7%         2d6       30%         3
 Agony                    Necr           7%         N/A       95%         5
 Blade Hands              Tmut           3%         N/A       95%         5
 Dragon Form              Tmut           3%         N/A       100%        7


Dungeon Overview and Level Annotations

Branches:
Dungeon (8/15)             Temple (1/1) D:5
   Lair: D:8-11

Altars:
Ashenzari
Cheibriados
Dithmenos
Elyvilon
Hepliaklqana
Kikubaaqudgha
Qazlal
Ru
Sif Muna
Trog
Uskayaw
Vehumet
Wu Jian
Xom
Yredelemnul
Zin
The Shining One

Shops:
D:1 *!*[=   D:4 [**   D:5 (

Annotations:
D:5 2 transporters, kae's ghost, novice DEFE
D:8 2 runed translucent doors


Innate Abilities, Weirdness & Mutations

You have a pair of small horns on your head.
You are partially covered in icy blue scales. (AC +2)
You sometimes gain power by taking damage.
You are mostly covered in sharp spines.


Message History

You block the curare-tipped dart.
The kobold demonologist looks encouraged for a moment.
Unknown command.
The kobold brigand throws a curare-tipped dart.
The curare-tipped dart hits you.
You are lethally poisoned!
You have difficulty breathing.
* * * LOW HITPOINT WARNING * * *
You feel yourself slow down.
The kobold demonologist looks satisfied for a moment.
You feel much better.
You feel very sick. The red devil barely misses you.
The red devil hits you from afar with a +0 trident.
* * * LOW HITPOINT WARNING * * *
Barbed spikes become lodged in your body.
Your magical contamination has completely faded away.
Unknown command.
You erupt in a blast of force!
The mystic blast hits the red devil.
The red devil is knocked back by the mystic blast.
The mystic blast hits the kobold demonologist.
The kobold demonologist is knocked back by the mystic blast.
The mystic blast hits the kobold brigand!
The kobold brigand is knocked back by the mystic blast.
The kobold brigand slams into the rock wall!
You feel sick.
The barbs in your skin will harm you if you move.
Continue?
Okay, then.
Unknown command.
You don't have enough magic to cast this spell.
Unknown command.
Magic courses through your body.
You feel sick.
The kobold brigand throws a curare-tipped dart.
The curare-tipped dart hits you.
You are more poisoned.
You have difficulty breathing.
* * * LOW HITPOINT WARNING * * *
You feel as though you will be slow longer.
The kobold demonologist looks braver for a moment.
The kobold brigand throws a curare-tipped dart.
The curare-tipped dart hits you.
You are more poisoned.
You have difficulty breathing.
* * * LOW HITPOINT WARNING * * *
You feel as though you will be slow longer.
You feel much better.
* * * LOW HITPOINT WARNING * * *
You feel extremely sick.
The red devil hits you from afar with a +0 trident!!
You die...

.#..# #...#...... .#..#
#...# .... .. .#..#
#.#.###'#######'# ....#
...#.....).......#
....#....#..)....).....#
....#....#))...))......'
....#... #......4.K.>..#
####### #........)#...#
.........@.K# ..#
.............# #
..............#
...........<..#
..............#
..........# ..........#
.. ..........# ....


You could see a kobold demonologist, a red devil (summoned) and a kobold
brigand.

Vanquished Creatures
  Pikel (D:6)
  Joseph (D:7)
  A kobold demonologist (D:10)
  Psyche (D:8)
  Maggie (D:6)
  Prince Ribbit (D:5)
  4 yaks (D:8)
  Grum (D:5)
  A steam dragon (D:7)
  2 water moccasins
  2 ice beasts
  2 black bears
  An orc warrior (D:8)
  3 wolves (D:5)
  3 centaurs
  4 kobold brigands
  4 lemures
  3 bullfrogs
  3 gnoll sergeants (D:5)
  A necrophage (D:5)
  5 scorpions
  11 wights
  8 killer bees (D:10)
  Crazy Yiuf (D:6)
  15 hounds
  3 jellies
  A gnoll shaman (D:5)
  6 orc priests
  3 iguanas
  8 orc wizards
  Robin (D:3)
  17 gnolls
  9 adders
  A shadow imp (D:7)
  2 white imps
  3 worms (D:2)
  6 dart slugs
  26 orcs
  2 ball pythons (D:1)
  5 endoplasms
  4 giant cockroaches
  10 goblins
  13 hobgoblins
  10 jackals
  22 kobolds
  3 quokkas
  5 bats
  3 frilled lizards
  6 rats
249 creatures vanquished.

Vanquished Creatures (others)
  28 fulminant prisms
  4 fungi (D:6)
  6 plants (D:5)
  4 toadstools (D:6)
42 creatures vanquished.

Grand Total: 291 creatures vanquished

Notes
Turn   | Place    | Note
-------+----------+-------------------------------------------
     0 | D:1      | Heedrag the Demonspawn Conjurer began the quest for the
                  | Orb.
     0 | D:1      | Reached XP level 1. HP: 13/13 MP: 3/3
   470 | D:1      | Found Izuorch's Jewellery Shoppe.
   565 | D:1      | Found Jeytepp's Antique Armour Shoppe.
   626 | D:1      | Gained mutation: You are partially covered in sharp spines.
                  | [demonic ancestry]
   626 | D:1      | Reached XP level 2. HP: 19/19 MP: 3/5
   629 | D:1      | Learned a level 2 spell: Searing Ray
   828 | D:1      | Found a faded altar of an unknown god.
   843 | D:1      | Found Nuvaugu's General Store.
  1102 | D:1      | Found Cuol's Distillery.
  1139 | D:1      | Found Paur's General Store.
  1310 | D:2      | Gained mutation: You are mostly covered in sharp spines.
                  | [demonic ancestry]
  1310 | D:2      | Reached XP level 3. HP: 24/24 MP: 4/6
  2003 | D:2      | Gained mutation: You are partially covered in icy blue
                  | scales. (AC +2) [demonic ancestry]
  2003 | D:2      | Reached XP level 4. HP: 30/30 MP: 3/7
  2005 | D:2      | Reached skill level 1 in Shields
  2478 | D:3      | Noticed Robin
  2513 | D:3      | Killed Robin
  2986 | D:4      | Learned a level 4 spell: Fulminant Prism
  3018 | D:4      | Noticed a scorpion
  3025 | D:4      | Killed a scorpion
  3026 | D:4      | Reached skill level 5 in Conjurations
  3026 | D:4      | Gained mutation: You have a pair of small horns on your
                  | head. [demonic ancestry]
  3026 | D:4      | Reached XP level 5. HP: 22/35 MP: 0/9
  3251 | D:4      | Found a hazy altar of Hepliaklqana.
  3317 | D:4      | Found Ozecsauhu's Assorted Antiques.
  3325 | D:4      | Noticed a black bear
  3339 | D:4      | Killed a black bear
  3340 | D:4      | Reached skill level 1 in Hexes
  3340 | D:4      | Gained mutation: You sometimes gain a little power by
                  | taking damage. [demonic ancestry]
  3340 | D:4      | Reached XP level 6. HP: 34/41 MP: 2/10
  3424 | D:4      | Bought a cyan potion for 23 gold pieces
  3424 | D:4      | Bought a ruby potion for 23 gold pieces
  3505 | D:4      | Found Ubru Fock's General Store.
  3828 | D:4      | Found Qorr's Antique Armour Boutique.
  3911 | D:5      | Entered Level 5 of the Dungeon
  4030 | D:5      | Reached XP level 7. HP: 46/46 MP: 6/11
  4040 | D:5      | Learned a level 4 spell: Iskenderun's Mystic Blast
  4217 | D:5      | Reached skill level 1 in Translocations
  4367 | D:5      | Reached skill level 6 in Conjurations
  4870 | D:5      | Reached XP level 8. HP: 51/52 MP: 13/13
  5350 | D:5      | Noticed Prince Ribbit
  5543 | D:5      | Found a staircase to the Ecumenical Temple.
  5556 | Temple   | Entered the Ecumenical Temple
  5695 | Temple   | Became a worshipper of Vehumet
  5709 | D:5      | Found a transporter.
  5712 | D:5      | Found a transporter.
  5720 | D:5      | Identified the +3 trident of Arcadian Reinforcement {chaos,
                  | Dex+3}
  5829 | D:5      | Noticed kae's ghost (novice DEFE)
  6048 | D:5      | Killed Prince Ribbit
  6098 | D:5      | Noticed Grum
  6109 | D:5      | Killed Grum
  6110 | D:5      | Reached skill level 7 in Conjurations
  6194 | D:5      | Reached XP level 9. HP: 54/57 MP: 15/15
  6621 | D:5      | Found Wuxaod's Antique Weapon Boutique.
  6689 | D:6      | Noticed Maggie
  6698 | D:6      | Reached * piety under Vehumet
  6698 | D:6      | Offered knowledge of Sandblast by Vehumet.
  6914 | D:6      | Found a runed translucent door.
  6915 | D:6      | Noticed Crazy Yiuf
  6946 | D:6      | Killed Maggie
  7010 | D:6      | Found a stormy altar of Qazlal.
  7164 | D:6      | Found a hide-covered altar of Uskayaw.
  7225 | D:6      | Noticed Pikel
  7649 | D:6      | Killed Pikel
  7650 | D:6      | Reached skill level 5 in Stealth
  7650 | D:6      | Reached skill level 8 in Conjurations
  7650 | D:6      | Reached skill level 5 in Translocations
  8165 | D:6      | Killed Crazy Yiuf
  8214 | D:7      | Reached skill level 5 in Spellcasting
  8426 | D:7      | Noticed Joseph
  9067 | D:7      | Killed Joseph
  9068 | D:7      | Reached skill level 1 in Fighting
  9068 | D:7      | Gained mutation: You sometimes gain power by taking damage.
                  | [demonic ancestry]
  9068 | D:7      | Reached XP level 10. HP: 36/65 MP: 3/17
  9761 | D:7      | Reached ** piety under Vehumet
  9761 | D:7      | Offered knowledge of Foxfire by Vehumet.
  9762 | D:7      | Reached skill level 9 in Conjurations
  9762 | D:7      | Reached skill level 5 in Hexes
 10452 | D:8      | Noticed Psyche
 10460 | D:8      | Killed Psyche
 10676 | D:8      | Found a large runed translucent door.
 10677 | D:8      | Found a large runed translucent door.
 10932 | D:8      | Found a snail-covered altar of Cheibriados.
 11462 | D:8      | Found a shimmering blue altar of Sif Muna.
 11552 | D:8      | Offered knowledge of Mephitic Cloud by Vehumet.
 11698 | D:8      | You fall into a shaft and drop 2 floors!
 11698 | D:10     | Entered Level 10 of the Dungeon
 11982 | D:10     | Reached skill level 10 in Conjurations
 12101 | D:10     | Reached *** piety under Vehumet
 12162 | D:10     | Noticed a sixfirhy
 12176 | D:10     | HP: 1/71 [asphyx]
 12177 | D:10     | Mangled by a red devil

Illustrated notes

Levels and vault maps discovered:
D:1:      heliophobic_arrival_henge, layout_basic, serial_shops,
          nicolae_shop_statue_plus, nicolae_shop_advertising_works
          [nicolae_subvault_shop_adworks], shop, shop_fountains,
          nicolae_shop_behind_doors, shapermc_ecumenical_altar_mp_vishouse,
          minmay_misc_feat_secret_circle, minmay_hexomino_c4
D:2:      layout_loops_ring
D:3:      layout_loops_ring, uniq_robin
D:4:      layout_rooms, nicolae_overflow_hidden_temple, serial_shops, shop,
          kennysheep_mini, nicolae_shop_temple_entry_statues_fountains
D:5:      layout_cave_pools, minmay_temple_entry_stoned_glass,
          serial_gnoll_camp, gnoll_camp_mini_loothouse, gnoll_camp_mini_basic,
          gnoll_camp_mini_doghouse, gnoll_camp_huts_basic, grums_kennel,
          gnoll_camp_mini_doghouse, serial_shops, nicolae_diamond_shop,
          gammafunk_ghost_gnarly_gnolls, hangedman_minor_gate_pass,
          uniq_prince_ribbit1
D:6:      layout_cave_pools, mainiacjoe_overflow_surrounded_room,
          mainiacjoe_overflow_tiny_flanked, minmay_gold_behind_fungi,
          grunt_decor_clamped, uniq_crazy_yiuf_cottage, uniq_maggie, uniq_pikel
D:7:      layout_basic, dk_rats_in_the_wall, uniq_joseph
D:8:      layout_loops_cross, old_standard_altar, jmf_multi_god_temple2,
          tgw_sif, uniq_psyche
D:10:     layout_grid_maze, mrwooster_statue_mirror
Temple:   jpeg_temple_clearing

Skill      XL: |  1  2  3  4  5  6  7  8  9 10 |
---------------+-------------------------------+-----
Stealth        | 2 3 4 5 6 |  6.6
Dodging        | 2 3 4 |  4.0
Shields        | 1 2 3 4 |  4.0
Conjurations   | 5 6 7 8 10 | 10.2
Hexes          | 1 2 3 4 5 |  5.0
Spellcasting   | 3 4 5 6 |  6.2
Translocations | 1 3 5 |  5.0
Fighting       | 1 3 |  3.7

Action                   |  1- 3 |  4- 6 |  7- 9 | 10-12 || total
-------------------------+-------+-------+-------+-------++-------
Melee: Unarmed           |     5 |       |       |       ||     5
       Short sword       |    44 |    34 |       |       ||    78
       Whip              |       |    10 |   142 |    64 ||   216
       Headbutt          |       |       |    31 |    12 ||    43
 Cast: Magic Dart        |    23 |    34 |    57 |    41 ||   155
       Searing Ray       |     3 |     9 |    19 |    11 ||    42
       Fulminant Prism   |       |       |    23 |     5 ||    28
       Iskenderun's Myst |       |       |     9 |    30 ||    39
  Use: Potion            |       |       |       |     4 ||     4
 Stab: Sleeping          |     2 |     1 |     2 |       ||     5
Armor: Robe              |     9 |    12 |    36 |    12 ||    69
Dodge: Dodged            |    21 |    29 |   146 |    78 ||   274
Block: Buckler           |     2 |     5 |    40 |    36 ||    83

Table legend: (Time is in decaauts)
 A = Elapsed time spent in this place.
 B = Non-inter-level travel time spent in this place.
 C = Inter-level travel time spent in this place.
 D = Time resting spent in this place.
 E = Time spent auto-exploring this place.
 F = Levels seen in this place.
 G = Mean time per level.
                   A        B        C        D        E       F      G
               +--------+--------+--------+--------+--------+-----+--------+
         Total |  12235 |  11831 |    404 |   3607 |   6338 |  10 | 1223.5 |
       Dungeon |  11947 |  11569 |    378 |   3470 |   6228 |   9 | 1327.4 |
        Temple |    288 |    262 |     26 |    137 |    110 |   1 |  288.0 |
               +--------+--------+--------+--------+--------+-----+--------+

Top non-repeatable levels by time:
     D:5: 2153 daAuts
     D:6: 2005 daAuts
     D:4: 1747 daAuts
     D:7: 1453 daAuts
     D:1: 1308 daAuts
     D:8: 1185 daAuts
     D:2: 1128 daAuts
     D:3: 483 daAuts
    D:10: 482 daAuts
  Temple: 288 daAuts
